Patriotes vs Rafales
(R1)
Created - 18 février 2016 at 19:03
Goals
|
| Patriotes |
1 |
1 |
4 |
6 |
| Rafales |
1 |
1 |
2 |
4 |
|
Shots
|
| Patriotes |
10 |
15 |
16 |
41 |
| Rafales |
14 |
14 |
18 |
46 |
|
1st period
1. Rafales , Cody McLeod 37 (Mike Zigomanis, Bruno Gervais) at 5:58 (PP)
2. Patriotes , Andreas Nodl 39 (A.J Thelen) at 15:18 (PP)
Penalties :
Mike Zigomanis (Stf) for Roughing (Minor) at 1:57, Dale Weise (Nyc) for Roughing (Minor) at 5:15, Mike Zigomanis (Stf) for Cross-checking (Minor) at 7:58, Johan Ryno (Stf) for Hooking (Minor) at 15:02
2nd period
3. Patriotes , Tomas Kurka 21 (Brett Skinner, A.J Thelen) at 0:10
4. Rafales , Nathan Davis 23 (Bruno Gervais, Ryan Ellis) at 9:25
Penalties :
Brett Skinner (Nyc) for Tripping (Minor) at 5:37, Mike Zigomanis (Stf) for Diving (Minor) at 9:38, Zenon Konopka (Nyc) for Delaying the game (Minor) at 19:35
3rd period
5. Patriotes , Tomas Kurka 22 (Christian Hanson, Andreas Nodl) at 4:23
6. Patriotes , Lauri Tukonen 9 (Brett Skinner) at 7:57
7. Rafales , Mike Zigomanis 29 (Cody McLeod, Bruno Gervais) at 13:03
8. Patriotes , Tomas Kurka 23 (A.J Thelen) at 15:05 (SH)
9. Rafales , Bruno Gervais 5 (Ryan Ellis, Mike Zigomanis) at 15:17 (PP)
10. Patriotes , Tomas Kurka 24 (Andreas Nodl, Christian Hanson) at 19:57 (Empty Net)
Penalties :
Joe Charlebois (Nyc) for Holding (Minor) at 14:38
Goalie Stats
Marek Schwarz (Nyc), 42 saves from 46 shots - (0,913), W, 22-17-6, 60:00 minutes
Loïc Lacasse (Stf), 35 saves from 40 shots - (0,875), L, 21-13-3, 58:52 minutes
Players Stats for Patriotes
Player Name G A P +/- PIM S H SB GA TA FO MP PP MP PK MP
------------------------------------------------------------------------------------
A.J Thelen 0 3 3 4 0 3 2 1 0 1 0/0 28:41 4:35 3:44
Andreas Nodl 1 2 3 3 0 4 5 0 0 0 4/8 24:49 4:05 3:45
Andrew Gordon 0 0 0 0 0 2 3 0 0 2 0/0 16:40 2:08 1:04
Anthony Bitetto 0 0 0 0 0 0 1 1 0 0 0/0 5:39 0:00 0:30
Brett Skinner 0 2 2 4 2 4 0 6 0 1 0/0 27:16 4:35 2:28
Christian Hanson 0 2 2 2 0 3 0 0 0 0 22/40 21:04 4:05 0:00
Dale Weise 0 0 0 0 2 0 0 0 0 0 0/0 6:31 0:00 0:00
Dwight King 0 0 0 0 0 0 0 0 0 0 0/0 6:53 0:00 0:00
Fedor Fedorov 0 0 0 0 0 1 0 0 0 0 1/2 16:40 2:08 1:04
Jared Knight 0 0 0 0 0 0 0 0 0 0 0/0 0:31 0:00 0:31
Joakim Andersson 0 0 0 0 0 1 0 0 1 0 2/3 6:32 0:00 0:00
Joe Charlebois 0 0 0 0 2 1 2 1 0 1 0/0 17:53 1:38 1:23
Jordan Samuels-Thomas 0 0 0 0 0 0 1 0 0 1 0/0 5:06 0:00 0:31
Lauri Tukonen 1 0 1 0 0 5 0 1 0 0 0/0 11:28 0:00 0:00
Matt Calvert 0 0 0 0 0 5 0 0 0 0 0/0 6:32 0:00 0:00
Melker Karlsson 0 0 0 0 0 0 1 1 0 0 2/2 11:28 0:00 0:00
Nigel Williams 0 0 0 -1 0 1 0 1 0 1 0/0 9:28 0:00 0:59
Ryan Spooner 0 0 0 0 0 0 0 0 0 0 0/0 0:00 0:00 0:00
Ryan Wilson 0 0 0 0 0 0 2 0 0 2 0/0 18:07 1:38 1:36
Stephen Johns 0 0 0 0 0 0 0 0 0 0 0/0 4:43 0:00 0:00
Timothy Kunes 0 0 0 -1 0 0 0 1 0 1 0/0 8:29 0:00 0:00
Tomas Kurka 4 0 4 3 0 7 2 2 0 0 1/3 24:49 4:05 3:45
Zenon Konopka 0 0 0 0 2 4 1 0 0 2 1/9 15:17 2:08 0:00
Players Stats for Rafales
Player Name G A P +/- PIM S H SB GA TA FO MP PP MP PK MP
------------------------------------------------------------------------------------
Bruno Gervais 1 3 4 -2 0 4 3 2 2 0 0/0 29:58 3:56 4:15
Cody McLeod 1 1 2 -2 0 5 4 2 2 0 0/2 22:35 3:11 2:08
Dan Fritsche 0 0 0 0 0 2 2 0 0 0 7/16 15:25 0:02 3:39
Dmitry Kulikov 0 0 0 0 0 0 0 1 0 0 0/0 0:47 0:00 0:13
Jeff Skinner 0 0 0 0 0 2 0 0 0 0 0/0 11:03 0:02 0:10
Johan Ryno 0 0 0 -2 2 2 1 0 0 0 0/0 7:35 0:02 0:00
Jonathan Rheault 0 0 0 0 0 5 1 0 0 0 0/0 10:34 0:00 0:00
Kevin Veilleux 0 0 0 -2 0 0 0 0 0 0 1/3 7:17 0:00 0:00
Marc-André Gragnani 0 0 0 0 0 1 1 4 0 0 0/0 24:18 1:22 2:53
Matt Gilroy 0 0 0 0 0 0 6 2 1 0 0/0 17:50 0:58 0:08
Michael Bournival 0 0 0 1 0 1 3 0 0 0 0/0 13:09 0:02 0:00
Mike Sislo 0 0 0 -2 0 1 1 1 0 1 0/0 9:24 2:07 0:00
Mike Zigomanis 1 2 3 -2 6 6 0 1 0 0 15/32 21:02 3:11 0:16
Milan Bartovic 0 0 0 -2 0 4 2 0 2 0 1/1 24:38 3:11 3:55
Nathan Davis 1 0 1 1 0 5 3 0 1 0 10/13 17:12 2:07 2:18
Ryan Ellis 0 2 2 -4 0 5 3 2 1 0 0/0 26:55 4:20 0:54
Tim Crowder 0 0 0 1 0 1 2 1 1 0 0/0 14:48 2:07 0:00
Willie Mitchell 0 0 0 0 0 2 0 3 2 0 0/0 19:13 0:02 4:03
3 Stars
1 - Tomas Kurka (Nyc)
2 - Andreas Nodl (Nyc)
3 - A.J Thelen (Nyc)
Power Play
Patriotes - 1 on 4 Attempt(s) - 25,00%
Rafales - 2 on 4 Attempt(s) - 50,00%
Penalty Kill
Patriotes - 2 on 4 Attempt(s) - 50,00%
- Score 1 goal in Penalty Kill
Rafales - 3 on 4 Attempt(s) - 75,00%
- Score 0 goal in Penalty Kill
Team Stat
Patriotes - Hits : 20 - Faceoff Wins : 33 - Blocked Shots : 15 - Penalty Minutes : 8
Rafales - Hits : 32 - Faceoff Wins : 34 - Blocked Shots : 19 - Penalty Minutes : 8
Official
Referees : Kozari Steve and Watson Brad
Linesman : Dan Schachte and Pierre Champoux
Game Notes
Dmitry Kulikov is injured at 2:10 of 1st period (Bruised Left Foot)
Dwight King is injured at 14:44 of 2nd period (Chest/Ribs)
Tomas Kurka has scored a Hat Trick!
Tomas Kurka has scored in a empty net!
Finance
Level 1 -- Attendance: 1433 (71,65%) -- Ticket Income 50 155 $
Level 2 -- Attendance: 706 (70,60%) -- Ticket Income 10 590 $
Total Attendance: 2139 (71,30%)
Total Ticket Income: 60 745 $
Other Income: 3 037 $
Total Income: 63 782 $
Patriotes
5 vs 5 Forward
Center Left Wing Right Wing Time % Phy DF OF
1 Christian Hanson Tomas Kurka Andreas Nodl 40 1 2 2
2 Zenon Konopka Fedor Fedorov Andrew Gordon 30 1 2 2
3 Melker Karlsson Dwight King Lauri Tukonen 20 1 2 2
4 Joakim Andersson Matt Calvert Dale Weise 10 1 2 2
5 vs 5 Defense
Defense Defense Time % Phy DF OF
1 Brett Skinner A.J Thelen 40 1 2 2
2 Ryan Wilson Joe Charlebois 30 1 2 2
3 Timothy Kunes Nigel Williams 20 1 2 2
4 Anthony Bitetto Stephen Johns 10 1 2 2
PowerPlay Forward
Center Left Wing Right Wing Time % Phy DF OF
1 Christian Hanson Tomas Kurka Andreas Nodl 60 1 2 2
2 Zenon Konopka Fedor Fedorov Andrew Gordon 40 1 2 2
PowerPlay Defense
Defense Defense Time % Phy DF OF
1 Brett Skinner A.J Thelen 60 1 2 2
2 Ryan Wilson Joe Charlebois 40 1 2 2
Penalty Kill 4 Players Forward
Center Wing Time % Phy DF OF
1 Andreas Nodl Tomas Kurka 60 1 2 2
2 Fedor Fedorov Andrew Gordon 40 1 2 2
Penalty Kill 4 Players Defense
Defense Defense Time % Phy DF OF
1 Brett Skinner A.J Thelen 60 1 2 2
2 Ryan Wilson Joe Charlebois 40 1 2 2
Penalty Kill - 3 Players Forward
Forward Time % Phy DF OF
1 Andreas Nodl 60 1 2 2
2 Tomas Kurka 40 1 2 2
Penalty Kill - 3 Players Defense
Defense Defense Time % Phy DF OF
1 Brett Skinner A.J Thelen 60 1 2 2
2 Ryan Wilson Joe Charlebois 40 1 2 2
4 vs 4 Forward
Center Wing Time % Phy DF OF
1 Andreas Nodl Tomas Kurka 60 1 2 2
2 Fedor Fedorov Andrew Gordon 40 1 2 2
4 vs 4 Defense
Defense Defense Time % Phy DF OF
1 Brett Skinner A.J Thelen 60 1 2 2
2 Ryan Wilson Joe Charlebois 40 1 2 2
Last Minutes Offensive
Center Left Wing Right Wing Defense Defense
Christian Hanson Tomas Kurka Andreas Nodl Brett Skinner A.J Thelen
Last Minutes Defensive
Center Left Wing Right Wing Defense Defense
Christian Hanson Tomas Kurka Andreas Nodl Brett Skinner A.J Thelen
Goaltenders
Starting : Marek Schwarz
Backup : Jason Missiaen
Extra Forwards
Normal : Jordan Samuels-Thomas, Ryan Spooner, Jared Knight - PP : Jordan Samuels-Thomas, Ryan Spooner - PK : Jared Knight
Extra Defensemen
Normal : Timothy Kunes, Nigel Williams, Anthony Bitetto - PP : Timothy Kunes - PK : Nigel Williams, Anthony Bitetto
Penalty Shots
Andreas Nodl, Tomas Kurka, Fedor Fedorov, Andrew Gordon, Christian Hanson
Rafales
5 vs 5 Forward
Center Left Wing Right Wing Time % Phy DF OF
1 Mike Zigomanis Cody McLeod Milan Bartovic 40 0 2 3
2 Nathan Davis Michael Bournival Tim Crowder 30 0 1 4
3 Dan Fritsche Jeff Skinner Jonathan Rheault 20 0 2 3
4 Kevin Veilleux Mike Sislo Johan Ryno 10 0 2 3
5 vs 5 Defense
Defense Defense Time % Phy DF OF
1 Ryan Ellis Bruno Gervais 40 0 2 3
2 Dmitry Kulikov Matt Gilroy 30 0 2 3
3 Willie Mitchell Marc-André Gragnani 20 0 3 2
4 Dmitry Kulikov Ryan Ellis 10 0 3 2
PowerPlay Forward
Center Left Wing Right Wing Time % Phy DF OF
1 Mike Zigomanis Cody McLeod Milan Bartovic 60 0 0 5
2 Nathan Davis Mike Sislo Tim Crowder 40 0 0 5
PowerPlay Defense
Defense Defense Time % Phy DF OF
1 Ryan Ellis Dmitry Kulikov 60 0 2 3
2 Bruno Gervais Matt Gilroy 40 0 2 3
Penalty Kill 4 Players Forward
Center Wing Time % Phy DF OF
1 Mike Zigomanis Milan Bartovic 60 0 3 2
2 Cody McLeod Nathan Davis 40 0 3 2
Penalty Kill 4 Players Defense
Defense Defense Time % Phy DF OF
1 Willie Mitchell Bruno Gervais 60 0 4 1
2 Dmitry Kulikov Marc-André Gragnani 40 0 4 1
Penalty Kill - 3 Players Forward
Forward Time % Phy DF OF
1 Mike Zigomanis 60 0 5 0
2 Milan Bartovic 40 0 5 0
Penalty Kill - 3 Players Defense
Defense Defense Time % Phy DF OF
1 Willie Mitchell Bruno Gervais 60 0 5 0
2 Dmitry Kulikov Marc-André Gragnani 40 0 5 0
4 vs 4 Forward
Center Wing Time % Phy DF OF
1 Mike Zigomanis Milan Bartovic 60 0 1 4
2 Cody McLeod Nathan Davis 40 0 2 3
4 vs 4 Defense
Defense Defense Time % Phy DF OF
1 Ryan Ellis Dmitry Kulikov 60 0 3 2
2 Bruno Gervais Matt Gilroy 40 0 3 2
Last Minutes Offensive
Center Left Wing Right Wing Defense Defense
Mike Zigomanis Cody McLeod Milan Bartovic Ryan Ellis Dmitry Kulikov
Last Minutes Defensive
Center Left Wing Right Wing Defense Defense
Mike Zigomanis Cody McLeod Milan Bartovic Willie Mitchell Bruno Gervais
Goaltenders
Starting : Loïc Lacasse
Backup : Eddie Lack
Extra Forwards
Normal : Cody McLeod, Mike Zigomanis, Michael Bournival - PP : Cody McLeod, Mike Zigomanis - PK : Milan Bartovic
Extra Defensemen
Normal : Ryan Ellis, Dmitry Kulikov, Bruno Gervais - PP : Ryan Ellis - PK : Dmitry Kulikov, Willie Mitchell
Penalty Shots
Mike Zigomanis, Milan Bartovic, Cody McLeod, Nathan Davis, Mike Sislo
% Time on Ice - Patriotes
Lines # - Real PCT - Wanted PCT - Time Play
Normal Forward
1 - 34% - 40% - 16:15
2 - 28% - 30% - 13:28
3 - 24% - 20% - 11:28
4 - 14% - 10% - 6:32
Normal Defense
1 - 41% - 40% - 19:38
2 - 31% - 30% - 14:53
3 - 18% - 20% - 8:29
4 - 10% - 10% - 4:43
PP Forward
1 - 66% - 60% - 4:05
2 - 34% - 40% - 2:08
PP Defense
1 - 74% - 60% - 4:35
2 - 26% - 40% - 1:38
PK Forward
1 - 80% - 60% - 4:16
2 - 20% - 40% - 1:04
PK Defense
1 - 70% - 60% - 3:44
2 - 30% - 40% - 1:36
PK3 Forward
1 - 0% - 60%
2 - 0% - 40%
PK3 Defense
1 - 0% - 60%
2 - 0% - 40%
44 Forward
1 - 0% - 60%
2 - 0% - 40%
44 Defense
1 - 0% - 60%
2 - 0% - 40%
Last Minute Offensive - 0:00
Last Minute Defensive - 0:44
Total
Forward - 60:00
Defense - 60:00
|
% Time on Ice - Rafales
Lines # - Real PCT - Wanted PCT - Time Play
Normal Forward
1 - 36% - 40% - 17:11
2 - 27% - 30% - 12:41
3 - 22% - 20% - 10:34
4 - 15% - 10% - 7:17
Normal Defense
1 - 28% - 40% - 13:30
2 - 33% - 30% - 15:53
3 - 25% - 20% - 11:44
4 - 14% - 10% - 6:36
PP Forward
1 - 60% - 60% - 3:13
2 - 40% - 40% - 2:07
PP Defense
1 - 100% - 60% - 5:20
2 - 0% - 40% - 0:00
PK Forward
1 - 80% - 60% - 4:58
2 - 20% - 40% - 1:15
PK Defense
1 - 51% - 60% - 3:12
2 - 49% - 40% - 3:01
PK3 Forward
1 - 0% - 60%
2 - 0% - 40%
PK3 Defense
1 - 0% - 60%
2 - 0% - 40%
44 Forward
1 - 0% - 60%
2 - 0% - 40%
44 Defense
1 - 0% - 60%
2 - 0% - 40%
Last Minute Offensive - 0:44
Last Minute Defensive - 0:00
Total
Forward - 60:00
Defense - 60:00
|
Play by Play
1st period
0:01 of 1st period - Mike Zigomanis wins face-off versus Christian Hanson in neutral zone.
1:57 of 1st period - Minor Penalty to Mike Zigomanis for Roughing.
1:58 of 1st period - Christian Hanson wins face-off versus Dan Fritsche in Rafales zone.
2:10 of 1st period - Snap shot by Andreas Nodl.
2:10 of 1st period - Deflect By Tomas Kurka.
2:10 of 1st period - Shot Blocked by Dmitry Kulikov.
2:10 of 1st period - Dmitry Kulikov from Rafales is injured at 2:10 of 1st period (Bruised Left Foot).
2:11 of 1st period - Christian Hanson wins face-off versus Dan Fritsche in Rafales zone.
2:12 of 1st period - Slapshot by Tomas Kurka.
2:12 of 1st period - Stopped by Loïc Lacasse with a rebound.
2:14 of 1st period - Wrist shot by A.J Thelen.
2:14 of 1st period - Shot Misses the Net.
2:16 of 1st period - Slapshot by Brett Skinner.
2:16 of 1st period - Stopped by Loïc Lacasse with a rebound.
2:18 of 1st period - Snap shot by Tomas Kurka.
2:18 of 1st period - Stopped by Loïc Lacasse without a rebound.
2:19 of 1st period - Dan Fritsche wins face-off versus Christian Hanson in Rafales zone.
3:07 of 1st period - Icing by Christian Hanson.
3:08 of 1st period - Christian Hanson wins face-off versus Dan Fritsche in Patriotes zone.
3:12 of 1st period - Icing by Christian Hanson.
3:13 of 1st period - Dan Fritsche wins face-off versus Christian Hanson in Patriotes zone.
3:14 of 1st period - Snap shot by Milan Bartovic.
3:14 of 1st period - Stopped by Marek Schwarz with a rebound.
3:34 of 1st period - Christian Hanson is hit by Cody McLeod and loses puck.
3:50 of 1st period - Ryan Ellis is hit by Andreas Nodl and loses puck.
3:57 of 1st period - Penalty to Mike Zigomanis is over, Mike Zigomanis is back on ice.
4:01 of 1st period - Marc-André Gragnani is hit by Andreas Nodl and loses puck.
4:08 of 1st period - Snap shot by Tomas Kurka.
4:08 of 1st period - Shot Misses the Net.
4:10 of 1st period - Wrist shot by Tomas Kurka.
4:10 of 1st period - Shot Misses the Net.
4:12 of 1st period - Snap shot by Nigel Williams.
4:12 of 1st period - Stopped by Loïc Lacasse without a rebound.
4:13 of 1st period - Nathan Davis wins face-off versus Zenon Konopka in Rafales zone.
4:28 of 1st period - Slapshot by Zenon Konopka.
4:28 of 1st period - Shot Misses the Net.
5:15 of 1st period - Minor Penalty to Dale Weise for Roughing.
5:16 of 1st period - Mike Zigomanis wins face-off versus Tomas Kurka in Patriotes zone.
5:39 of 1st period - Brett Skinner is hit by Ryan Ellis and loses puck.
5:46 of 1st period - Snap shot by Cody McLeod.
5:46 of 1st period - Shot Misses the Net.
5:48 of 1st period - Snap shot by Mike Zigomanis.
5:48 of 1st period - Shot Misses the Net.
5:50 of 1st period - Slapshot by Bruno Gervais.
5:50 of 1st period - Deflect By Brett Skinner.
5:50 of 1st period - Stopped by Marek Schwarz with a rebound.
5:52 of 1st period - Snap shot by Mike Zigomanis.
5:52 of 1st period - Stopped by Marek Schwarz with a rebound.
5:58 of 1st period - Snap shot by Cody McLeod.
5:58 of 1st period - Goal by Cody McLeod - Patriotes : 0 - Rafales : 1.
5:59 of 1st period - Zenon Konopka wins face-off versus Nathan Davis in neutral zone.
6:08 of 1st period - Off-side.
6:09 of 1st period - Nathan Davis wins face-off versus Zenon Konopka in neutral zone.
6:26 of 1st period - Slapshot by Nathan Davis.
6:26 of 1st period - Stopped by Marek Schwarz with a rebound.
6:28 of 1st period - Snap shot by Marc-André Gragnani.
6:28 of 1st period - Shot Misses the Net.
6:30 of 1st period - Slapshot by Willie Mitchell.
6:30 of 1st period - Stopped by Marek Schwarz without a rebound.
6:31 of 1st period - Christian Hanson wins face-off versus Mike Zigomanis in Patriotes zone.
6:58 of 1st period - A.J Thelen is hit by Jonathan Rheault and loses puck.
7:40 of 1st period - Icing by Marc-André Gragnani.
7:41 of 1st period - Kevin Veilleux wins face-off versus Christian Hanson in Rafales zone.
7:53 of 1st period - Off-side.
7:54 of 1st period - Christian Hanson wins face-off versus Mike Zigomanis in neutral zone.
7:58 of 1st period - Minor Penalty to Mike Zigomanis for Cross-checking.
7:59 of 1st period - Christian Hanson wins face-off versus Dan Fritsche in Rafales zone.
8:10 of 1st period - Slapshot by Christian Hanson.
8:10 of 1st period - Stopped by Loïc Lacasse without a rebound.
8:11 of 1st period - Dan Fritsche wins face-off versus Christian Hanson in Rafales zone.
8:16 of 1st period - Wrist shot by Dan Fritsche.
8:16 of 1st period - Shot Misses the Net.
9:21 of 1st period - Joe Charlebois is hit by Marc-André Gragnani and loses puck.
9:58 of 1st period - Penalty to Mike Zigomanis is over, Mike Zigomanis is back on ice.
10:19 of 1st period - Snap shot by Mike Sislo.
10:19 of 1st period - Deflect By Johan Ryno.
10:19 of 1st period - Deflect By Lauri Tukonen.
10:19 of 1st period - Stopped by Marek Schwarz without a rebound.
10:20 of 1st period - Joakim Andersson wins face-off versus Kevin Veilleux in Patriotes zone.
10:33 of 1st period - Slapshot by Bruno Gervais.
10:33 of 1st period - Stopped by Marek Schwarz without a rebound.
10:34 of 1st period - Mike Zigomanis wins face-off versus Zenon Konopka in Patriotes zone.
11:42 of 1st period - Snap shot by Mike Zigomanis.
11:42 of 1st period - Stopped by Marek Schwarz without a rebound.
11:43 of 1st period - Mike Zigomanis wins face-off versus Joakim Andersson in Patriotes zone.
11:44 of 1st period - Slapshot by Cody McLeod.
11:44 of 1st period - Stopped by Marek Schwarz without a rebound.
11:45 of 1st period - Joakim Andersson wins face-off versus Mike Zigomanis in Patriotes zone.
12:01 of 1st period - Off-side.
12:02 of 1st period - Christian Hanson wins face-off versus Nathan Davis in neutral zone.
12:50 of 1st period - Backhand shot by Matt Calvert.
12:50 of 1st period - Stopped by Loïc Lacasse with a rebound.
12:54 of 1st period - Slapshot by Matt Calvert.
12:54 of 1st period - Shot Hit the Post.
12:56 of 1st period - Slapshot by A.J Thelen.
12:56 of 1st period - Shot Misses the Net.
12:58 of 1st period - Wrist shot by Brett Skinner.
12:58 of 1st period - Stopped by Loïc Lacasse with a rebound.
13:16 of 1st period - Slapshot by Bruno Gervais.
13:16 of 1st period - Stopped by Marek Schwarz without a rebound.
13:17 of 1st period - Mike Zigomanis wins face-off versus Christian Hanson in Patriotes zone.
13:24 of 1st period - Wrist shot by Mike Zigomanis.
13:24 of 1st period - Stopped by Marek Schwarz with a rebound.
13:54 of 1st period - Andrew Gordon is hit by Nathan Davis and loses puck.
14:13 of 1st period - Timothy Kunes is hit by Matt Gilroy and loses puck.
14:36 of 1st period - Wrist shot by Mike Zigomanis.
14:36 of 1st period - Stopped by Marek Schwarz with a rebound.
14:48 of 1st period - Wrist shot by Tomas Kurka.
14:48 of 1st period - Shot Blocked by Marc-André Gragnani.
14:50 of 1st period - Wrist shot by Andreas Nodl.
14:50 of 1st period - Shot Blocked by Marc-André Gragnani.
15:02 of 1st period - Minor Penalty to Johan Ryno for Hooking.
15:03 of 1st period - Mike Zigomanis wins face-off versus Andreas Nodl in Rafales zone.
15:18 of 1st period - Snap shot by Andreas Nodl.
15:18 of 1st period - Goal by Andreas Nodl - Patriotes : 1 - Rafales : 1.
15:19 of 1st period - Christian Hanson wins face-off versus Mike Zigomanis in neutral zone.
15:44 of 1st period - Brett Skinner is hit by Ryan Ellis and loses puck.
15:51 of 1st period - Andrew Gordon is hit by Bruno Gervais and loses puck.
16:29 of 1st period - Willie Mitchell is hit by Melker Karlsson.
16:49 of 1st period - Cody McLeod is hit by Andreas Nodl and loses puck.
17:15 of 1st period - Snap shot by Matt Calvert.
17:15 of 1st period - Stopped by Loïc Lacasse with a rebound.
17:49 of 1st period - Snap shot by Cody McLeod.
17:49 of 1st period - Shot Hit the Post.
18:30 of 1st period - Wrist shot by Andrew Gordon.
18:30 of 1st period - Deflect By Fedor Fedorov.
18:30 of 1st period - Stopped by Loïc Lacasse with a rebound.
18:44 of 1st period - Nathan Davis is hit by Ryan Wilson and loses puck.
19:13 of 1st period - Snap shot by Johan Ryno.
19:13 of 1st period - Stopped by Marek Schwarz with a rebound.
19:25 of 1st period - Slapshot by Zenon Konopka.
19:25 of 1st period - Shot Blocked by Willie Mitchell.
Goals for this period are 1 for Patriotes vs 1 for Rafales.
Shots for this period are 10 for Patriotes vs 14 for Rafales.
2nd period
0:01 of 2nd period - Christian Hanson wins face-off versus Mike Zigomanis in neutral zone.
0:04 of 2nd period - Slapshot by Brett Skinner.
0:04 of 2nd period - Stopped by Loïc Lacasse with a rebound.
0:06 of 2nd period - Backhand shot by A.J Thelen.
0:06 of 2nd period - Shot Hit the Post.
0:08 of 2nd period - Snap shot by Brett Skinner.
0:08 of 2nd period - Shot Blocked by Cody McLeod.
0:10 of 2nd period - Slapshot by Tomas Kurka.
0:10 of 2nd period - Deflect By Ryan Ellis.
0:10 of 2nd period - Goal by Tomas Kurka - Patriotes : 2 - Rafales : 1.
0:11 of 2nd period - Christian Hanson wins face-off versus Mike Zigomanis in neutral zone.
0:16 of 2nd period - Backhand shot by A.J Thelen.
0:16 of 2nd period - Stopped by Loïc Lacasse without a rebound.
0:17 of 2nd period - Mike Zigomanis wins face-off versus Christian Hanson in Rafales zone.
1:10 of 2nd period - Snap shot by Matt Calvert.
1:10 of 2nd period - Stopped by Loïc Lacasse with a rebound.
1:14 of 2nd period - Slapshot by Matt Calvert.
1:14 of 2nd period - Stopped by Loïc Lacasse with a rebound.
1:32 of 2nd period - Snap shot by Lauri Tukonen.
1:32 of 2nd period - Stopped by Loïc Lacasse without a rebound.
1:33 of 2nd period - Nathan Davis wins face-off versus Christian Hanson in Rafales zone.
1:48 of 2nd period - Snap shot by Tim Crowder.
1:48 of 2nd period - Stopped by Marek Schwarz without a rebound.
1:49 of 2nd period - Mike Zigomanis wins face-off versus Zenon Konopka in Patriotes zone.
2:02 of 2nd period - Slapshot by A.J Thelen.
2:02 of 2nd period - Shot Blocked by Matt Gilroy.
3:54 of 2nd period - A.J Thelen is hit by Matt Gilroy and loses puck.
4:11 of 2nd period - A.J Thelen is hit by Matt Gilroy and loses puck.
4:16 of 2nd period - Snap shot by Johan Ryno.
4:16 of 2nd period - Shot Blocked by Melker Karlsson.
4:18 of 2nd period - Snap shot by Willie Mitchell.
4:18 of 2nd period - Shot Blocked by Brett Skinner.
4:20 of 2nd period - Slapshot by Willie Mitchell.
4:20 of 2nd period - Stopped by Marek Schwarz with a rebound.
4:37 of 2nd period - Slapshot by Milan Bartovic.
4:37 of 2nd period - Stopped by Marek Schwarz with a rebound.
4:39 of 2nd period - Snap shot by Milan Bartovic.
4:39 of 2nd period - Deflect By Mike Zigomanis.
4:39 of 2nd period - Shot Hit the Post.
4:39 of 2nd period - Puck is out of play.
4:40 of 2nd period - Christian Hanson wins face-off versus Mike Zigomanis in Patriotes zone.
4:40 of 2nd period - Christian Hanson is hit by Milan Bartovic.
4:54 of 2nd period - Slapshot by Andreas Nodl.
4:54 of 2nd period - Shot Blocked by Marc-André Gragnani.
5:13 of 2nd period - Joe Charlebois is hit by Tim Crowder and loses puck.
5:30 of 2nd period - Snap shot by Jonathan Rheault.
5:30 of 2nd period - Stopped by Marek Schwarz with a rebound.
5:32 of 2nd period - Slapshot by Jeff Skinner.
5:32 of 2nd period - Stopped by Marek Schwarz without a rebound.
5:33 of 2nd period - Dan Fritsche wins face-off versus Christian Hanson in Patriotes zone.
5:37 of 2nd period - Minor Penalty to Brett Skinner for Tripping.
5:38 of 2nd period - Andreas Nodl wins face-off versus Mike Zigomanis in Patriotes zone.
5:48 of 2nd period - Slapshot by Ryan Ellis.
5:48 of 2nd period - Deflect By Mike Zigomanis.
5:48 of 2nd period - Stopped by Marek Schwarz with a rebound.
7:19 of 2nd period - Marc-André Gragnani is hit by Anthony Bitetto and loses puck.
7:37 of 2nd period - Penalty to Brett Skinner is over, Brett Skinner is back on ice.
7:38 of 2nd period - Snap shot by Marc-André Gragnani.
7:38 of 2nd period - Stopped by Marek Schwarz with a rebound.
8:02 of 2nd period - Snap shot by Dwight King.
8:02 of 2nd period - Deflect By Lauri Tukonen.
8:02 of 2nd period - Stopped by Loïc Lacasse without a rebound.
8:03 of 2nd period - Melker Karlsson wins face-off versus Dan Fritsche in Rafales zone.
8:42 of 2nd period - Wrist shot by Lauri Tukonen.
8:42 of 2nd period - Shot Misses the Net.
8:44 of 2nd period - Slapshot by Melker Karlsson.
8:44 of 2nd period - Shot Misses the Net.
8:54 of 2nd period - Wrist shot by Lauri Tukonen.
8:54 of 2nd period - Shot Blocked by Cody McLeod.
8:56 of 2nd period - Backhand shot by Dwight King.
8:56 of 2nd period - Shot Blocked by Willie Mitchell.
8:58 of 2nd period - Slapshot by Joe Charlebois.
8:58 of 2nd period - Shot Blocked by Willie Mitchell.
9:00 of 2nd period - Slapshot by Joe Charlebois.
9:00 of 2nd period - Deflect By Marc-André Gragnani.
9:00 of 2nd period - Stopped by Loïc Lacasse with a rebound.
9:02 of 2nd period - Slapshot by Lauri Tukonen.
9:02 of 2nd period - Stopped by Loïc Lacasse without a rebound.
9:03 of 2nd period - Nathan Davis wins face-off versus Christian Hanson in Rafales zone.
9:03 of 2nd period - Nathan Davis is hit by Tomas Kurka.
9:11 of 2nd period - Wrist shot by Nathan Davis.
9:11 of 2nd period - Stopped by Marek Schwarz without a rebound.
9:12 of 2nd period - Nathan Davis wins face-off versus Christian Hanson in Patriotes zone.
9:19 of 2nd period - Snap shot by Nathan Davis.
9:19 of 2nd period - Stopped by Marek Schwarz with a rebound.
9:21 of 2nd period - Slapshot by Ryan Ellis.
9:21 of 2nd period - Shot Blocked by Timothy Kunes.
9:23 of 2nd period - Slapshot by Bruno Gervais.
9:23 of 2nd period - Shot Misses the Net.
9:25 of 2nd period - Wrist shot by Nathan Davis.
9:25 of 2nd period - Goal by Nathan Davis - Patriotes : 2 - Rafales : 2.
9:26 of 2nd period - Christian Hanson wins face-off versus Cody McLeod in neutral zone.
9:38 of 2nd period - Minor Penalty to Mike Zigomanis for Diving.
9:39 of 2nd period - Christian Hanson wins face-off versus Dan Fritsche in Rafales zone.
9:41 of 2nd period - Wrist shot by Christian Hanson.
9:41 of 2nd period - Stopped by Loïc Lacasse without a rebound.
9:42 of 2nd period - Dan Fritsche wins face-off versus Christian Hanson in Rafales zone.
10:40 of 2nd period - Wrist shot by Andreas Nodl.
10:40 of 2nd period - Stopped by Loïc Lacasse without a rebound.
10:41 of 2nd period - Nathan Davis wins face-off versus Christian Hanson in Rafales zone.
11:38 of 2nd period - Penalty to Mike Zigomanis is over, Mike Zigomanis is back on ice.
11:57 of 2nd period - Nigel Williams is hit by Mike Sislo and loses puck.
12:34 of 2nd period - Slapshot by Marc-André Gragnani.
12:34 of 2nd period - Shot Misses the Net.
13:12 of 2nd period - Ryan Wilson is hit by Ryan Ellis and loses puck.
14:06 of 2nd period - Brett Skinner is hit by Johan Ryno and loses puck.
14:43 of 2nd period - Dwight King is hit by Michael Bournival and loses puck.
14:44 of 2nd period - Dwight King from Patriotes is injured at 14:44 of 2nd period (Chest/Ribs).
14:45 of 2nd period - Christian Hanson wins face-off versus Mike Zigomanis in Patriotes zone.
14:45 of 2nd period - Christian Hanson is hit by Cody McLeod.
14:55 of 2nd period - Slapshot by Ryan Ellis.
14:55 of 2nd period - Stopped by Marek Schwarz without a rebound.
14:56 of 2nd period - Mike Zigomanis wins face-off versus Christian Hanson in Patriotes zone.
15:03 of 2nd period - Milan Bartovic is hit by Andreas Nodl and loses puck.
16:07 of 2nd period - Matt Calvert is hit by Cody McLeod and loses puck.
16:14 of 2nd period - Wrist shot by Joakim Andersson.
16:14 of 2nd period - Stopped by Loïc Lacasse with a rebound.
16:16 of 2nd period - Wrist shot by Matt Calvert.
16:16 of 2nd period - Stopped by Loïc Lacasse with a rebound.
16:18 of 2nd period - Slapshot by Ryan Wilson.
16:18 of 2nd period - Shot Misses the Net.
16:29 of 2nd period - Matt Gilroy is hit by Joe Charlebois and loses puck.
16:36 of 2nd period - Slapshot by Andreas Nodl.
16:36 of 2nd period - Stopped by Loïc Lacasse without a rebound.
16:37 of 2nd period - Nathan Davis wins face-off versus Zenon Konopka in Rafales zone.
16:52 of 2nd period - Andrew Gordon is hit by Nathan Davis and loses puck.
17:10 of 2nd period - Snap shot by Christian Hanson.
17:10 of 2nd period - Stopped by Loïc Lacasse with a rebound.
17:12 of 2nd period - Snap shot by Tomas Kurka.
17:12 of 2nd period - Shot Blocked by Ryan Ellis.
17:29 of 2nd period - Snap shot by Jeff Skinner.
17:29 of 2nd period - Shot Blocked by Anthony Bitetto.
17:31 of 2nd period - Slapshot by Ryan Ellis.
17:31 of 2nd period - Shot Misses the Net.
17:33 of 2nd period - Wrist shot by Jonathan Rheault.
17:33 of 2nd period - Shot Blocked by Lauri Tukonen.
17:35 of 2nd period - Slapshot by Ryan Ellis.
17:35 of 2nd period - Shot Misses the Net.
17:49 of 2nd period - Snap shot by Mike Sislo.
17:49 of 2nd period - Stopped by Marek Schwarz with a rebound.
17:51 of 2nd period - Slapshot by Willie Mitchell.
17:51 of 2nd period - Shot Misses the Net.
17:53 of 2nd period - Wrist shot by Matt Gilroy.
17:53 of 2nd period - Deflect By Mike Sislo.
17:53 of 2nd period - Shot Misses the Net.
17:53 of 2nd period - Puck is out of play.
17:54 of 2nd period - Christian Hanson wins face-off versus Mike Zigomanis in Patriotes zone.
18:12 of 2nd period - Icing by Milan Bartovic.
18:13 of 2nd period - Mike Zigomanis wins face-off versus Zenon Konopka in Rafales zone.
18:13 of 2nd period - Mike Zigomanis is hit by Andrew Gordon.
19:13 of 2nd period - Wrist shot by Mike Zigomanis.
19:13 of 2nd period - Deflect By Cody McLeod.
19:13 of 2nd period - Stopped by Marek Schwarz with a rebound.
19:15 of 2nd period - Slapshot by Cody McLeod.
19:15 of 2nd period - Stopped by Marek Schwarz with a rebound.
19:27 of 2nd period - A.J Thelen is hit by Matt Gilroy and loses puck.
19:35 of 2nd period - Minor Penalty to Zenon Konopka for Delaying the game.
19:36 of 2nd period - Nathan Davis wins face-off versus Andreas Nodl in Patriotes zone.
19:38 of 2nd period - Snap shot by Tim Crowder.
19:38 of 2nd period - Shot Misses the Net.
19:40 of 2nd period - Wrist shot by Mike Sislo.
19:40 of 2nd period - Shot Misses the Net.
19:42 of 2nd period - Wrist shot by Marc-André Gragnani.
19:42 of 2nd period - Shot Misses the Net.
19:54 of 2nd period - Tomas Kurka is hit by Nathan Davis and loses puck.
Goals for this period are 1 for Patriotes vs 1 for Rafales.
Shots for this period are 15 for Patriotes vs 14 for Rafales.
3rd period
0:01 of 3rd period - Andreas Nodl wins face-off versus Mike Zigomanis in neutral zone.
0:04 of 3rd period - Wrist shot by Brett Skinner.
0:04 of 3rd period - Stopped by Loïc Lacasse with a rebound.
0:38 of 3rd period - Icing by Tim Crowder.
0:39 of 3rd period - Nathan Davis wins face-off versus Andreas Nodl in Rafales zone.
1:35 of 3rd period - Penalty to Zenon Konopka is over, Zenon Konopka is back on ice.
1:38 of 3rd period - Jeff Skinner is hit by A.J Thelen and loses puck.
1:49 of 3rd period - Melker Karlsson is hit by Dan Fritsche and loses puck.
2:06 of 3rd period - Slapshot by Matt Calvert.
2:06 of 3rd period - Shot Misses the Net.
2:08 of 3rd period - Slapshot by A.J Thelen.
2:08 of 3rd period - Shot Blocked by Mike Sislo.
2:10 of 3rd period - Wrist shot by A.J Thelen.
2:10 of 3rd period - Stopped by Loïc Lacasse with a rebound.
2:12 of 3rd period - Backhand shot by A.J Thelen.
2:12 of 3rd period - Stopped by Loïc Lacasse with a rebound.
2:44 of 3rd period - Snap shot by Mike Zigomanis.
2:44 of 3rd period - Shot Misses the Net.
3:08 of 3rd period - Lauri Tukonen is hit by Dan Fritsche and loses puck.
3:35 of 3rd period - Milan Bartovic is hit by Andrew Gordon and loses puck.
3:58 of 3rd period - Lauri Tukonen is hit by Tim Crowder and loses puck.
4:13 of 3rd period - Wrist shot by Andreas Nodl.
4:13 of 3rd period - Deflect By Tomas Kurka.
4:13 of 3rd period - Shot Blocked by Mike Zigomanis.
4:13 of 3rd period - Puck is out of play.
4:14 of 3rd period - Christian Hanson wins face-off versus Kevin Veilleux in Rafales zone.
4:19 of 3rd period - Snap shot by Andreas Nodl.
4:19 of 3rd period - Stopped by Loïc Lacasse with a rebound.
4:21 of 3rd period - Snap shot by Christian Hanson.
4:21 of 3rd period - Shot Blocked by Bruno Gervais.
4:23 of 3rd period - Backhand shot by Tomas Kurka.
4:23 of 3rd period - Goal by Tomas Kurka - Patriotes : 3 - Rafales : 2.
4:24 of 3rd period - Mike Zigomanis wins face-off versus Christian Hanson in neutral zone.
4:27 of 3rd period - Brett Skinner is hit by Milan Bartovic and loses puck.
4:34 of 3rd period - Snap shot by Cody McLeod.
4:34 of 3rd period - Shot Misses the Net.
4:36 of 3rd period - Wrist shot by Cody McLeod.
4:36 of 3rd period - Stopped by Marek Schwarz with a rebound.
4:52 of 3rd period - Slapshot by Ryan Ellis.
4:52 of 3rd period - Shot Blocked by Brett Skinner.
4:54 of 3rd period - Wrist shot by Nathan Davis.
4:54 of 3rd period - Shot Blocked by A.J Thelen.
5:15 of 3rd period - Icing by Marc-André Gragnani.
5:16 of 3rd period - Christian Hanson wins face-off versus Dan Fritsche in Rafales zone.
6:05 of 3rd period - Wrist shot by Lauri Tukonen.
6:05 of 3rd period - Stopped by Loïc Lacasse with a rebound.
6:07 of 3rd period - Slapshot by Joe Charlebois.
6:07 of 3rd period - Shot Blocked by Tim Crowder.
6:29 of 3rd period - Wrist shot by Jonathan Rheault.
6:29 of 3rd period - Deflect By Dan Fritsche.
6:29 of 3rd period - Shot Misses the Net.
6:29 of 3rd period - Puck is out of play.
6:30 of 3rd period - Christian Hanson wins face-off versus Dan Fritsche in Patriotes zone.
6:55 of 3rd period - Snap shot by Jonathan Rheault.
6:55 of 3rd period - Stopped by Marek Schwarz with a rebound.
6:57 of 3rd period - Wrist shot by Ryan Ellis.
6:57 of 3rd period - Stopped by Marek Schwarz with a rebound.
7:03 of 3rd period - Snap shot by Jonathan Rheault.
7:03 of 3rd period - Stopped by Marek Schwarz without a rebound.
7:04 of 3rd period - Mike Zigomanis wins face-off versus Zenon Konopka in Patriotes zone.
7:05 of 3rd period - Wrist shot by Milan Bartovic.
7:05 of 3rd period - Stopped by Marek Schwarz without a rebound.
7:06 of 3rd period - Mike Zigomanis wins face-off versus Zenon Konopka in Patriotes zone.
7:17 of 3rd period - Snap shot by Mike Zigomanis.
7:17 of 3rd period - Shot Blocked by Nigel Williams.
7:34 of 3rd period - Marc-André Gragnani is hit by Tomas Kurka and loses puck.
7:57 of 3rd period - Wrist shot by Lauri Tukonen.
7:57 of 3rd period - Goal by Lauri Tukonen - Patriotes : 4 - Rafales : 2.
7:58 of 3rd period - Milan Bartovic wins face-off versus Christian Hanson in neutral zone.
8:17 of 3rd period - Tomas Kurka is hit by Bruno Gervais and loses puck.
8:36 of 3rd period - Snap shot by Nathan Davis.
8:36 of 3rd period - Stopped by Marek Schwarz with a rebound.
8:38 of 3rd period - Snap shot by Bruno Gervais.
8:38 of 3rd period - Shot Blocked by Brett Skinner.
9:49 of 3rd period - Ryan Ellis is hit by Zenon Konopka and loses puck.
9:56 of 3rd period - Michael Bournival is hit by Andrew Gordon and loses puck.
10:35 of 3rd period - Snap shot by Andreas Nodl.
10:35 of 3rd period - Deflect By Christian Hanson.
10:35 of 3rd period - Shot Blocked by Marc-André Gragnani.
10:35 of 3rd period - Puck is out of play.
10:36 of 3rd period - Christian Hanson wins face-off versus Mike Zigomanis in Rafales zone.
10:41 of 3rd period - Wrist shot by Tomas Kurka.
10:41 of 3rd period - Shot Blocked by Bruno Gervais.
10:47 of 3rd period - Anthony Bitetto is hit by Matt Gilroy and loses puck.
11:00 of 3rd period - Wrist shot by Tomas Kurka.
11:00 of 3rd period - Shot Misses the Net.
11:06 of 3rd period - Tomas Kurka is hit by Michael Bournival and loses puck.
11:19 of 3rd period - Wrist shot by Zenon Konopka.
11:19 of 3rd period - Stopped by Loïc Lacasse without a rebound.
11:20 of 3rd period - Fedor Fedorov wins face-off versus Dan Fritsche in Rafales zone.
11:23 of 3rd period - Slapshot by Andrew Gordon.
11:23 of 3rd period - Shot Blocked by Matt Gilroy.
11:25 of 3rd period - Snap shot by Fedor Fedorov.
11:25 of 3rd period - Shot Misses the Net.
11:27 of 3rd period - Slapshot by Zenon Konopka.
11:27 of 3rd period - Stopped by Loïc Lacasse with a rebound.
11:31 of 3rd period - Slapshot by Fedor Fedorov.
11:31 of 3rd period - Shot Misses the Net.
11:33 of 3rd period - Wrist shot by Andrew Gordon.
11:33 of 3rd period - Stopped by Loïc Lacasse without a rebound.
11:34 of 3rd period - Mike Zigomanis wins face-off versus Fedor Fedorov in Rafales zone.
12:06 of 3rd period - Brett Skinner is hit by Michael Bournival.
12:18 of 3rd period - Wrist shot by Dan Fritsche.
12:18 of 3rd period - Stopped by Marek Schwarz with a rebound.
12:20 of 3rd period - Wrist shot by Jonathan Rheault.
12:20 of 3rd period - Stopped by Marek Schwarz with a rebound.
12:22 of 3rd period - Snap shot by Dan Fritsche.
12:22 of 3rd period - Stopped by Marek Schwarz with a rebound.
12:24 of 3rd period - Slapshot by Jeff Skinner.
12:24 of 3rd period - Stopped by Marek Schwarz without a rebound.
12:25 of 3rd period - Christian Hanson wins face-off versus Mike Zigomanis in Patriotes zone.
12:50 of 3rd period - Milan Bartovic is hit by Joe Charlebois and loses puck.
13:03 of 3rd period - Backhand shot by Mike Zigomanis.
13:03 of 3rd period - Goal by Mike Zigomanis - Patriotes : 4 - Rafales : 3.
13:04 of 3rd period - Tomas Kurka wins face-off versus Nathan Davis in neutral zone.
13:07 of 3rd period - Ryan Ellis is hit by A.J Thelen and loses puck.
13:45 of 3rd period - A.J Thelen is hit by Matt Gilroy and loses puck.
13:50 of 3rd period - Wrist shot by Jonathan Rheault.
13:50 of 3rd period - Shot Blocked by Brett Skinner.
14:28 of 3rd period - Slapshot by Zenon Konopka.
14:28 of 3rd period - Stopped by Loïc Lacasse without a rebound.
14:29 of 3rd period - Nathan Davis wins face-off versus Christian Hanson in Rafales zone.
14:29 of 3rd period - Nathan Davis is hit by Ryan Wilson.
14:38 of 3rd period - Minor Penalty to Joe Charlebois for Holding.
14:39 of 3rd period - Andreas Nodl wins face-off versus Mike Zigomanis in Patriotes zone.
14:49 of 3rd period - Wrist shot by Tomas Kurka.
14:49 of 3rd period - Shot Misses the Net.
14:51 of 3rd period - Snap shot by Tomas Kurka.
14:51 of 3rd period - Stopped by Loïc Lacasse without a rebound.
14:52 of 3rd period - Andreas Nodl wins face-off versus Mike Zigomanis in Rafales zone.
15:05 of 3rd period - Snap shot by Tomas Kurka.
15:05 of 3rd period - Goal by Tomas Kurka - Patriotes : 5 - Rafales : 3.
15:06 of 3rd period - Mike Zigomanis wins face-off versus Andreas Nodl in neutral zone.
15:09 of 3rd period - Slapshot by Ryan Ellis.
15:09 of 3rd period - Shot Blocked by Brett Skinner.
15:11 of 3rd period - Snap shot by Mike Zigomanis.
15:11 of 3rd period - Shot Blocked by Tomas Kurka.
15:13 of 3rd period - Slapshot by Ryan Ellis.
15:13 of 3rd period - Shot Blocked by Brett Skinner.
15:15 of 3rd period - Slapshot by Bruno Gervais.
15:15 of 3rd period - Shot Blocked by Tomas Kurka.
15:17 of 3rd period - Wrist shot by Bruno Gervais.
15:17 of 3rd period - Goal by Bruno Gervais - Patriotes : 5 - Rafales : 4.
15:18 of 3rd period - Dan Fritsche wins face-off versus Tomas Kurka in neutral zone.
15:28 of 3rd period - Slapshot by Ryan Ellis.
15:28 of 3rd period - Stopped by Marek Schwarz with a rebound.
15:30 of 3rd period - Slapshot by Ryan Ellis.
15:30 of 3rd period - Stopped by Marek Schwarz with a rebound.
15:32 of 3rd period - Slapshot by Bruno Gervais.
15:32 of 3rd period - Deflect By Jonathan Rheault.
15:32 of 3rd period - Stopped by Marek Schwarz without a rebound.
15:33 of 3rd period - Melker Karlsson wins face-off versus Cody McLeod in Patriotes zone.
15:33 of 3rd period - Melker Karlsson is hit by Cody McLeod.
16:22 of 3rd period - Joe Charlebois is hit by Bruno Gervais and loses puck.
16:33 of 3rd period - Snap shot by Andrew Gordon.
16:33 of 3rd period - Stopped by Loïc Lacasse with a rebound.
16:57 of 3rd period - Backhand shot by Mike Sislo.
16:57 of 3rd period - Shot Hit the Post.
17:32 of 3rd period - Snap shot by Milan Bartovic.
17:32 of 3rd period - Stopped by Marek Schwarz without a rebound.
17:33 of 3rd period - Dan Fritsche wins face-off versus Christian Hanson in Patriotes zone.
17:42 of 3rd period - Slapshot by Ryan Ellis.
17:42 of 3rd period - Shot Misses the Net.
17:44 of 3rd period - Slapshot by Jeff Skinner.
17:44 of 3rd period - Shot Misses the Net.
18:03 of 3rd period - Cody McLeod is hit by Jordan Samuels-Thomas and loses puck.
18:22 of 3rd period - Snap shot by Zenon Konopka.
18:22 of 3rd period - Shot Misses the Net.
18:24 of 3rd period - Snap shot by Zenon Konopka.
18:24 of 3rd period - Stopped by Loïc Lacasse with a rebound.
18:26 of 3rd period - Snap shot by Fedor Fedorov.
18:26 of 3rd period - Shot Misses the Net.
18:40 of 3rd period - Nathan Davis is hit by Andreas Nodl and loses puck.
18:49 of 3rd period - Rafales, Loïc Lacasse is pulled from the net.
19:07 of 3rd period - Snap shot by Michael Bournival.
19:07 of 3rd period - Stopped by Marek Schwarz with a rebound.
19:09 of 3rd period - Slapshot by Ryan Ellis.
19:09 of 3rd period - Stopped by Marek Schwarz with a rebound.
19:11 of 3rd period - Backhand shot by Tim Crowder.
19:11 of 3rd period - Shot Blocked by Joe Charlebois.
19:13 of 3rd period - Snap shot by Matt Gilroy.
19:13 of 3rd period - Deflect By Nathan Davis.
19:13 of 3rd period - Shot Misses the Net.
19:13 of 3rd period - Puck is out of play.
19:14 of 3rd period - Peter DeBoer call a timeout for Rafales.
19:14 of 3rd period - Christian Hanson wins face-off versus Mike Zigomanis in Patriotes zone.
19:43 of 3rd period - Wrist shot by Andreas Nodl.
19:43 of 3rd period - Shot Misses the Net.
19:45 of 3rd period - Snap shot by Andreas Nodl.
19:45 of 3rd period - Shot Misses the Net.
19:55 of 3rd period - Wrist shot by Tomas Kurka.
19:55 of 3rd period - Shot Blocked by Ryan Ellis.
19:57 of 3rd period - Snap shot by Tomas Kurka.
19:57 of 3rd period - Goal by Tomas Kurka - Patriotes : 6 - Rafales : 4.
19:57 of 3rd period - Loïc Lacasse from Rafales was sent back in the game.
19:58 of 3rd period - Christian Hanson wins face-off versus Mike Zigomanis in neutral zone.
Goals for this period are 4 for Patriotes vs 2 for Rafales.
Shots for this period are 16 for Patriotes vs 18 for Rafales.
Back to the Top